 Dungeon Crawl Stone Soup version 0.31.0-11-ge490571c62 (webtiles) character file.

Game seed: 473909489641322064

1065 qw the Skirmisher (level 8, -1/48 HPs)
             Began as a Deep Elf Hunter on Feb 4, 2024.
             Slain by an orc
             ... wielding a +1 flail of protection
              (4 damage)
             ... on level 6 of the Dungeon.
             The game lasted 00:00:19 (3564 turns).

qw the Skirmisher (Deep Elf Hunter)                 Turns: 3564, Time: 00:00:19

Health: -1/48      AC:  7    Str: 13    XL:     8   Next: 6%
Magic:  10/10      EV: 13    Int: 15    God:
Gold:   237        SH:  0    Dex: 18    Spells: 7/7 levels left

rFire   . . .        b - +2 shortbow (freeze)
rCold   . . .        (shield currently unavailable)
rNeg    + . .        i - +0 ring mail of Fumunnam {Rampage rCorr Str+3}
rPois   +            h - +0 helmet
rElec   .            (no cloak)
rCorr   +            a - +0 pair of gloves
SInv    .            (no boots)
Will    .....        (no amulet)
Stlth   +            e - ring of positive energy
HPRegen 0.28/turn    j - ring of poison resistance
MPRegen 0.12/turn

%: rampage
@: slowed, very slow
A: no striking features
a: no special abilities


You were on level 6 of the Dungeon.
You visited 1 branch of the dungeon, and saw 6 of its levels.

You collected 237 gold pieces.


   Skills:
 - Level 4.1 Fighting
 - Level 14.0 Ranged Weapons
 - Level 1.2 Armour
 + Level 5.0 Dodging
 - Level 1.2 Stealth


You had 7 spell levels left.
You didn't know any spells.
Your spell library was empty.

Inventory:

Hand Weapons
 b - a +2 shortbow of freezing (weapon)
Armour
 a - a +0 pair of gloves (worn)
 h - a +0 helmet (worn)
 i - the +0 ring mail of Fumunnam (worn) {Rampage rCorr Str+3}
   (You found it on level 2 of the Dungeon)

   Str+3:     It affects your strength (+3).
   rCorr:     It protects you from acid and corrosion.
   Rampage:   It bestows one free step when moving towards enemies.
Jewellery
 e - a ring of positive energy (left hand)
 j - a ring of poison resistance (right hand)
Wands
 f - a wand of charming (4)
Potions
 c - a potion of curing
 d - a potion of mutation
 g - a potion of might

Dungeon Overview and Level Annotations

Branches:
Dungeon (6/15)
 Temple: D:4-7

Altars:
Kikubaaqudgha
Uskayaw

Annotations:
D:6 Maggie


Message History

You shoot an arrow. The arrow hits the scorpion.
The arrow freezes the scorpion.
The scorpion is moderately wounded.
You feel sick.
You hear a shout!
The scorpion closely misses you. The kobold hits you with a +0 club.
The scorpion barely misses you.
You shoot an arrow. The arrow hits the scorpion.
The arrow freezes the scorpion.
The scorpion is severely wounded.
You feel sick. The scorpion stings you. The orc completely misses you.
A kobold comes into view. It is wielding a +0 short sword.
The kobold brigand hits you with a +0 short sword.
You shoot an arrow. The kobold shouts!
The arrow hits the scorpion.
The arrow freezes the scorpion.
You kill the scorpion!
You feel sick.
The kobold brigand hits you with a +0 short sword.
The orc completely misses you.
Your Fighting skill increases to level 4!
You shoot an arrow.
The arrow closely misses the kobold brigand.
You feel sick.
You are no longer poisoned.
Maggie the Vainglorious comes into view.
She is wielding a +2 halberd of draining and carrying a wand of flame.
The kobold brigand hits you but does no damage.
The orc hits you with a +1 flail of protection.
The kobold barely misses you.
You shoot an arrow. The arrow hits the kobold brigand!
The arrow freezes the kobold brigand.
The kobold brigand is moderately wounded.
The kobold brigand hits you with a +0 short sword.
The orc closely misses you. The kobold hits you but does no damage.
A kobold comes into view. It is wielding a +3 whip of venom.
You shoot an arrow.
The arrow hits the kobold brigand but does no damage.
The kobold brigand is moderately wounded.
A gnoll comes into view. It is wielding a +0 whip.
The kobold brigand hits you but does no damage.
The orc hits you with a +1 flail of protection.
You die...

#.###. ...#. .K.
.... ..K . ...
KK##. #. ..
...... #.. #.
..@...
.....#.###Kg.!..
......o@KK......
#.../.##KK......
........<#......
.....#..........
................
..........##....
.###......# #..
......... .
##.........


You could see Maggie, a kobold brigand, a gnoll, an orc and 4 kobolds.

Vanquished Creatures
  Eustachio (D:5)
  An ice beast (D:5)
  A black bear (D:5)
  A centaur (D:3)
  A phantom (D:5)
  A scorpion (D:6)
  A bombardier beetle (D:4)
  A hound (D:6)
  6 orc priests
  Terence (D:3)
  2 orc wizards
  Robin (D:3)
  6 adders
  A white imp (D:4)
  2 ufetubi (D:4)
  2 dart slugs
  11 orcs
  8 endoplasms
  4 giant cockroaches
  13 goblins
  13 hobgoblins
  2 quokkas
  7 ball pythons
  4 bats
  4 frilled lizards
  2 kobolds
  4 rats
101 creatures vanquished.

Notes
Turn   | Place    | Note
-------+----------+-------------------------------------------
     0 | D:1      | qw the Deep Elf Hunter began the quest for the Orb.
     0 | D:1      | Reached XP level 1. HP: 12/12 MP: 3/3
     0 | D:1      | 0 ||| qw: Version: 0.3-a-160-g6735b56
     0 | D:1      | 0 ||| qw: Game counter: 4475
     0 | D:1      | 0 ||| qw: Melee chars always use a shield: true
     0 | D:1      | 0 ||| qw: God list: Okawaru
     0 | D:1      | 0 ||| qw: Allow faded altars: false
     0 | D:1      | 0 ||| qw: Do Orc after clearing Dungeon:15 true
     0 | D:1      | 0 ||| qw: Do second Lair branch before Depths: true
     0 | D:1      | 0 ||| qw: Lair rune preference: random
     0 | D:1      | 0 ||| qw: Goals: Normal
     0 | D:1      | 0 ||| PLANNING D:1-11
   128 | D:1      | Reached XP level 2. HP: 16/16 MP: 4/4
   152 | D:1      | Reached skill level 6 in Ranged Weapons
   458 | D:1      | 458 ||| UPGRADING to +0 ring mail.
   468 | D:1      | 468 ||| DROPPING +0 leather armour.
   469 | D:1      | 469 ||| UPGRADING to ring of positive energy.
   470 | D:1      | 470 ||| READING 2 scrolls labelled NIELAC WUZXEI.
   470 | D:1      | 470 ||| IDENTIFYING amethyst potion
   471 | D:1      | 471 ||| DRINKING potion of experience.
   471 | D:1      | Reached skill level 13 in Ranged Weapons
   471 | D:1      | Reached XP level 3. HP: 20/20 MP: 5/5
   472 | D:1      | 472 ||| READING scroll of identify.
   472 | D:1      | 472 ||| IDENTIFYING 2 bubbling amethyst potions
   473 | D:1      | 473 ||| DROPPING scroll of butterflies.
   474 | D:1      | 474 ||| DROPPING 2 potions of ambrosia.
   756 | D:2      | Identified the +0 ring mail of Fumunnam {Rampage rCorr
                  | Str+3}
  1287 | D:2      | 1287 ||| UPGRADING to +0 ring mail of Fumunnam {Rampage
                  | rCorr Str+3}.
  1297 | D:2      | 1297 ||| DROPPING +0 ring mail.
  1298 | D:2      | 1298 ||| UPGRADING to ring of poison resistance.
  1299 | D:2      | 1299 ||| READING scroll of identify.
  1299 | D:2      | 1299 ||| IDENTIFYING black potion
  1300 | D:2      | 1300 ||| READING scroll labelled MASE MAUPSO.
  1300 | D:2      | Identified a scroll of acquirement
  1300 | D:2      | 1300 ||| ACQUIRING +2 shortbow of freezing
  1300 | D:2      | Acquired a +2 shortbow of freezing
  1302 | D:2      | 1302 ||| SWAPPING to +2 shortbow of freezing.
  1303 | D:2      | 1303 ||| DROPPING +0 shortbow.
  1304 | D:2      | 1304 ||| READING scroll labelled CEUCIFIBOMP.
  1405 | D:2      | 1405 ||| READING scroll labelled HAQYFEMATO.
  1406 | D:2      | 1406 ||| READING scroll labelled OVABRA ISHRU.
  1412 | D:2      | Reached XP level 4. HP: 26/26 MP: 6/6
  1557 | D:3      | Noticed a centaur
  1561 | D:3      | HP: 4/26 [centaur/arrow (6)]
  1561 | D:3      | HP: 1/26 [centaur/arrow (3)]
  1562 | D:3      | Killed a centaur
  1563 | D:3      | Reached XP level 5. HP: 2/31 MP: 7/7
  1851 | D:3      | Noticed Terence
  1856 | D:3      | Killed Terence
  1857 | D:3      | Reached skill level 3 in Dodging
  1883 | D:3      | Noticed Robin
  1885 | D:3      | Killed Robin
  2035 | D:3      | 2035 ||| UPGRADING to +0 pair of gloves.
  2040 | D:3      | 2040 ||| UPGRADING to +0 helmet.
  2045 | D:3      | 2045 ||| READING scroll labelled OLOPIQ OGOA.
  2046 | D:3      | 2046 ||| READING scroll labelled GECEXI OCSEU.
  2058 | D:4      | 2058 ||| STAIRDANCE
  2065 | D:4      | 2065 ||| STAIRDANCE
  2107 | D:4      | 2107 ||| STAIRDANCE
  2152 | D:4      | Reached skill level 1 in Armour
  2152 | D:4      | Reached XP level 6. HP: 36/36 MP: 8/8
  2279 | D:4      | Identified the +0 leather armour of the Pit {+Blink}
  2390 | D:4      | Reached skill level 3 in Fighting
  2851 | D:4      | 2851 ||| DROPPING +0 leather armour of the Pit {+Blink}.
  2852 | D:4      | 2852 ||| READING 2 scrolls of identify.
  2852 | D:4      | 2852 ||| IDENTIFYING viscous grey potion
  2853 | D:4      | 2853 ||| READING scroll of identify.
  2853 | D:4      | 2853 ||| IDENTIFYING scroll labelled NEEKLUVETZI
  2854 | D:4      | 2854 ||| READING scroll labelled PAOPTOZYRPH.
  2858 | D:4      | 2858 ||| DROPPING scroll of summoning.
  2885 | D:5      | Entered Level 5 of the Dungeon
  2909 | D:5      | Noticed Eustachio
  2928 | D:5      | Killed Eustachio
  2929 | D:5      | Reached XP level 7. HP: 41/41 MP: 9/9
  2949 | D:5      | Reached skill level 14 in Ranged Weapons
  3043 | D:5      | Found a hide-covered altar of Uskayaw.
  3236 | D:5      | Found an ancient bone altar of Kikubaaqudgha.
  3238 | D:5      | Identified the +1 mace of Pride {pain, rPois Int+6}
  3496 | D:5      | 3496 ||| READING 2 scrolls of identify.
  3496 | D:5      | 3496 ||| IDENTIFYING grey potion
  3497 | D:5      | 3497 ||| READING scroll of identify.
  3497 | D:5      | 3497 ||| IDENTIFYING glowing dark potion
  3498 | D:5      | 3498 ||| DROPPING potion of lignification.
  3553 | D:6      | 3553 ||| RETREEEEATING.
  3554 | D:6      | 3554 ||| RETREEEEATING.
  3557 | D:6      | Reached XP level 8. HP: 20/48 MP: 10/10
  3560 | D:6      | HP: 12/48 [scorpion (1)]
  3562 | D:6      | Noticed Maggie
  3562 | D:6      | HP: 4/48 [orc/+1 flail of protection (3)]
  3564 | D:6      | Slain by an orc

Levels and vault maps discovered:
D:1:      orjb1_lava_funnel, layout_basic
D:2:      layout_basic
D:3:      layout_rooms, hex_medium, uniq_robin, uniq_terence
D:4:      layout_loops_ring
D:5:      layout_rooms, lemuel_doored_altar,
          nicolae_kikubaaqudgha_miasma_corner, kennysheep_diamond,
          uniq_eustachio
D:6:      layout_rooms, uniq_maggie

Skill      XL: |  1  2  3  4  5  6  7  8 |
---------------+-------------------------+-----
Ranged Weapons | 13 14 | 14.0
Fighting       | 2 3 4 |  4.1
Dodging        | 3 4 5 |  5.0
Armour         | 1 |  1.2
Stealth        | |  1.2

Action                     |  1- 3 |  4- 6 |  7- 9 || total
---------------------------+-------+-------+-------++-------
   Fire: Shortbow          |    62 |   168 |    73 ||   303
    Use: Scroll            |     7 |     5 |     2 ||    14
         Potion            |     1 |       |       ||     1
 Armour: Leather armour    |     3 |       |       ||     3
         Ring mail         |     1 |    45 |    22 ||    68
  Dodge: Dodged            |     3 |    47 |    15 ||    65

Table legend:
 A = Non-vault XP
 B = Vault XP
 C = Vault XP percentage of total XP
 D = Non-vault monster count
 E = Vault monster count
 F = Vault count percentage of total count
                 A         B        C        D         E       F
            +---------+---------+-------+---------+---------+-------
      Total |    1096 |     385 |  26.0 |      85 |      16 |  15.8
            +---------+---------+-------+---------+---------+-------
        D:1 |      25 |       0 |   0.0 |      14 |       0 |   0.0
        D:2 |      32 |       0 |   0.0 |      11 |       0 |   0.0
        D:3 |     196 |      75 |  27.7 |      27 |      13 |  32.5
        D:4 |     323 |       0 |   0.0 |      19 |       0 |   0.0
        D:5 |     382 |     310 |  44.8 |      11 |       3 |  21.4
        D:6 |     138 |       0 |   0.0 |       3 |       0 |   0.0
            +---------+---------+-------+---------+---------+-------
